[Event "Italian-ch Teams-B 2022"]
[Site "Montesilvano"]
[Date "2022.04.22"]
[Round "5.4"]
[White "Budyi, Danylo"]
[Black "Gueci, Riccardo"]
[Result "0-1"]
[ECO "D52"]
[WhiteElo "1817"]
[BlackElo "2098"]
[Annotator "TA"]
[PlyCount "146"]
[EventDate "2022.04.19"]
[EventType "team-tourn"]
[EventCountry "ITA"]
[SourceTitle "playchess.com"]
[Source "ChessBase"]
[SourceQuality "1"]
[TimeControl "40/5400+30:1800+30"]

1. d4 d5 2. c4 e6 3. Nc3 Nf6 4. Bg5 Nbd7 5. Nf3 c6 6. e3 Qa5 7. Bxf6 Nxf6 8. Qb3 Ne4 {[%emt 0:01:50] D52: Queen's Gambit Declined: Cambridge Springs Variation.} 9. Bd3 Bb4 (9... dxc4 10. Bxc4 (10. Qxc4 Nxc3 11. bxc3 Bd6) 10... Nxc3 11. bxc3 Bd6) (9... Nxc3 $11 10. bxc3 b6) 10. Bxe4 $16 dxe4 {[%emt 0:00:03] White is better.} 11. Nd2 f5 {[%emt 0:01:19] [#]} 12. c5 $146 ({Predecessor:} 12. O-O O-O 13. c5 Bxc3 14. Nc4 Qb4 15. Qxc3 Qxc3 16. bxc3 b6 17. Ne5 bxc5 18. Nxc6 {1-0 (56) Obanuta,D-Ezejiofor,M (2035) Lagos 2015}) 12... O-O 13. Nc4 Bxc3+ 14. Qxc3 (14. bxc3 Qb5 15. Ne5) ({White should play} 14. bxc3 Qb5 15. Ne5) 14... Qc7 15. f4 b6 16. b4 bxc5 17. bxc5 Rb8 18. Kd2 (18. Qa3 $16) 18... Ba6 $14 {[%emt 0:07:04] aiming for ...Bxc4.} 19. Rhb1 (19. Ne5 $14) 19... Bxc4 $11 20. Qxc4 Kf7 21. Kc2 (21. g3 $11) 21... Rxb1 (21... g5 $1 $15 22. Qf1 gxf4 23. Qxf4 Qxf4 24. exf4 h5) 22. Rxb1 $15 {[%emt 0:00:20][%mdl 4096] Endgame KQR-KQR} Rb8 23. Rb4 Rxb4 24. Qxb4 $11 {[%emt 0:00:04] KQ-KQ} Qc8 25. Qc4 {[%emt 0:02:31] Inhibits Qa6.} Qb7 26. Qa4 Kf6 27. Qc4 h6 28. g3 g5 29. Kc1 gxf4 30. gxf4 Qg7 31. Qe2 Qg1+ 32. Kc2 Kg6 33. Kb3 h5 34. Ka4 h4 35. Kb4 $2 {[%emt 0:00:29] [#]} (35. Qc4 $11 {and White has nothing to worry.} Kf6 36. Qe2) 35... h3 $1 $19 36. Kc3 Qg4 $2 (36... Qc1+ $19 37. Kb4 Qb1+ 38. Kc3 a5) 37. Kd2 (37. Qc4 $11 {keeps the balance.} Kf7 38. Qa6) 37... Qg1 (37... Qg2 $17) 38. Kc3 $1 a5 {[%emt 0:02:11] Strongly threatening ...Qb1.} 39. a4 $2 (39. Kc2) (39. Kc2 $17) 39... Qa1+ 40. Kd2 Qxa4 {[%emt 0:01:21] Threatens to win with ...Qa2+.} 41. Qa6 Qa2+ 42. Kc3 Qa3+ 43. Kc2 Qxe3 44. Qxc6 Qd3+ (44... Kf6 45. Qd6 $11) 45. Kc1 Qc3+ 46. Kb1 Qe1+ 47. Kc2 Qf2+ $2 (47... Qe2+ 48. Kb3 Qd1+ 49. Ka3 Qa1+ 50. Kb3 Qb1+ 51. Ka3 Qb4+ 52. Ka2 Qc4+ 53. Ka3 Kh5) (47... Qe2+ 48. Kb3 Qd1+ 49. Ka3 Qa1+ 50. Kb3 Qb1+ 51. Ka3 Qa1+ 52. Kb3 Qb1+ 53. Ka3 Qb4+ 54. Ka2 Qc4+ 55. Ka3 Kh5 56. Qe8+ Kg4 57. Qg6+ Kf3 58. Qg3+ Ke2) 48. Kb1 $2 (48. Kb3 Qe3+ 49. Ka4 Qxd4+ 50. Kb5) (48. Kb3 Qe3+ 49. Ka4 Qxd4+ 50. Kb5) 48... Qg1+ 49. Kc2 Qxh2+ 50. Kb1 Qg1+ (50... Qxf4 $142 51. Qxe6+ Kh5 52. Qf7+ Kg4 53. Qg6+ Kf3 54. c6 h2 55. Qh5+ Kg2 56. c7 Qf1+ 57. Kb2 Qb5+ 58. Ka1 Qa4+ 59. Kb1 Qb4+ 60. Kc1 Qc4+ 61. Kb1 Qb3+ 62. Ka1 Qa4+ 63. Kb2 Qb5+ 64. Ka2 Qa4+ 65. Kb2 Qb5+) 51. Kc2 Qf2+ 52. Kb1 Qxf4 (52... Kh5 53. Qxe6 Qg1+ 54. Ka2 h2 55. Qxf5+ Kh4 56. Qh7+ Kg4 57. Qg6+ Kf3 58. Qh5+ Ke3 59. Qh3+ Kd2 60. Kb3 e3 61. Qh7 e2 62. Qc2+ Ke3 63. Kc4 h1=Q 64. Qc3+ Kf2 65. d5 Qb1 66. Qd4+ Kf1 67. Qe3 Qb4+ 68. Kd3 Qxd5+ 69. Qd4 Qdxd4+ 70. Kc2 Qdd2#) 53. Qxe6+ Kg5 (53... Kh5 54. Qb3 Qf1+ 55. Kb2 Qg2+ 56. Ka3 h2) (53... Kh5 $142 54. Qe8+ Kh4 55. c6 h2 56. Qh8+ Kg4 57. Kc2 Qf2+ 58. Kb3 Qf3+ 59. Kc4 Qf1+ 60. Kc5 h1=Q 61. Qg7+ Kf3 62. Qb7 Qd3 63. Qd7 e3 64. Kb6 Qhb1+ 65. Kc7 Qa6 66. Kd8 Qa8+ 67. Ke7 e2 68. Kf7 e1=Q 69. c7 Qa2+ 70. d5 Q8xd5+ 71. Qxd5+ Qxd5+ 72. Kf8 Qd6+ 73. Kg7 Qg1+ 74. Kh8 Qh6#) 54. Qg8+ Kh4 55. c6 Qf1+ (55... e3 56. c7 e2 57. Qh7+ Kg3 58. Qg7+ Kf2 59. Qe5 Qxe5 60. dxe5 e1=Q+ 61. Ka2 Qc3 62. c8=Q Qxc8 63. Kb1 h2 64. Kb2 h1=Q 65. Ka2 Qc4+ 66. Kb2 Qhc1#) (55... e3 $142 56. c7 e2 57. Qe8 h2 58. Kc2 Qxc7+ 59. Kd3 Qg3+ 60. Kd2 Qg5+ 61. Kxe2 Qg4+ 62. Kd3 h1=Q 63. Kc4 Qc1+ 64. Kd5 Qg2+ 65. Kd6 Qa3+ 66. Kc7 Qc3+ 67. Kd8 Qa8+ 68. Ke7 Qe3+ 69. Kf6 Qaxe8 70. Kg7 Qxd4+ 71. Kh7 Qdh8#) 56. Ka2 Qe2+ (56... Qg2+ 57. Qxg2 hxg2) 57. Ka3 Qd3+ (57... h2 58. Qh7+ Kg3) 58. Ka4 Qxd4+ 59. Kb5 {[%emt 0:00:04] And now c7 would win.} Qb4+ $2 ({Better is} 59... Qb2+ $19 60. Ka6 Qe2+ 61. Kb6 h2) 60. Ka6 $11 Qd6 (60... Qc3 $5 61. Qd8+ Kg4 $11) 61. Kb7 $1 h2 (61... e3 62. c7 Qb4+ 63. Ka6 e2 64. Qd8+ Kg4) (61... e3 $5 62. c7 Qb4+ 63. Ka6 e2 64. Qd8+ Kg4 $11) 62. c7 Qb4+ 63. Ka8 e3 64. Qh7+ Kg3 65. Qg6+ $2 (65. c8=Q Qe4+ 66. Qcb7 (66. Ka7 h1=Q)) (65. c8=Q $11 Qe4+ 66. Qcb7 (66. Ka7 $2 h1=Q $19)) 65... Kh4 $2 (65... Qg4 66. Qc6 f4) (65... Qg4 $19 66. Qc6 f4) 66. Qh6+ Kg3 $1 {[%emt 0:00:03] ...Qe4+ is the strong threat.} 67. Qxe3+ Kg4 68. Qe2+ Kg3 69. Qe3+ Kh4 $2 (69... Kg4 $11 70. Qe2+ Kg3 71. Qe3+) 70. Qh6+ (70. c8=Q $142 {White wants to mate with Qh8+.} Qe4+ 71. Qxe4+ fxe4 72. Kb7) 70... Kg3 $18 {[%emt 0:00:12] Hoping for ...Qe4+.} 71. Qe3+ $2 (71. c8=Q $18 {Intending Qe3+ and mate.} Qe4+ 72. Ka7 Qd4+ 73. Kb7 Qb2+ 74. Ka6 Qe2+ 75. Kb6 Qb2+ 76. Ka7 Qf2+ 77. Kb7 Qb2+ 78. Ka6 Qe2+ 79. Kb7 Qb2+) 71... Kg2 72. Qe2+ Kg1 73. Qe1+ $2 {[%emt 0:00:01][%mdl 8192] [#]} Qxe1 {[%emt 0:00:00] Weighted Error Value: White=1.03/Black=0.80} 0-1

[Event "Italian-ch Teams-B 2022"]
[Site "Montesilvano"]
[Date "2022.04.22"]
[Round "6.1"]
[White "Mastrovasilis, Dimitrios"]
[Black "Genocchio, Daniele"]
[Result "1-0"]
[ECO "C02"]
[WhiteElo "2621"]
[BlackElo "2358"]
[Annotator "TA"]
[PlyCount "81"]
[EventDate "2022.04.19"]
[EventType "team-tourn"]
[EventCountry "ITA"]
[SourceTitle "playchess.com"]
[Source "ChessBase"]
[SourceQuality "1"]
[TimeControl "40/5400+30:1800+30"]

1. e4 e6 2. d4 d5 3. e5 c5 4. c3 Nc6 5. Nf3 Bd7 6. Be2 Rc8 7. O-O Qb6 8. dxc5 Bxc5 {[%emt 0:04:05] C02: French: Advance Variation.} 9. b4 Be7 10. Bd3 f6 {[%emt 0:06:01] The position is equal.} 11. Bf4 fxe5 (11... Nh6 $11 {remains equal.}) 12. Nxe5 $16 {[%emt 0:00:15] [#]} Nf6 $146 {[%emt 0:09:34] Against Qh5+} (12... Nxe5 $142 13. Bxe5 Nf6) ({Predecessor:} 12... Nxe5 13. Bxe5 Nf6 14. Nd2 O-O 15. Nf3 Ng4 16. Bd4 Qc7 17. Re1 Rxf3 18. Qxf3 Qxh2+ 19. Kf1 Qh5 20. Kg1 Qh2+ 21. Kf1 Qh5 22. Kg1 Qh2+ {½-½ (22) Knaak,R (2480)-Belozerov,A (2541) Rethymno 2003}) 13. Nxd7 {[%emt 0:03:29] &Bianco is more active.} Kxd7 14. Nd2 Bd6 15. Bxd6 ({Worse is} 15. Nc4 dxc4 16. Bxc4 Ne7 17. Qa4+ Kd8 18. Bxd6 Qxd6 $19) 15... Kxd6 16. c4 {[%emt 0:00:41] [#] c5+ is the strong threat.} ({Of course not} 16. Qf3 $6 Ne5 17. Qg3 Nh5 $11) 16... Ke7 17. cxd5 exd5 18. Nf3 Kf8 (18... Nd4 $16) 19. Re1 {[%emt 0:09:07] Strongly threatening Qc1.} Nd4 (19... Rc7 $142 20. Ng5 Re7 21. Rxe7 Nxe7) 20. Nxd4 $18 Qxd4 21. Rc1 Rc3 {[%emt 0:03:11] [#]} (21... Rxc1 22. Qxc1 Qxd3) 22. Qe2 $1 {[%emt 0:04:16] Qe7+ would kill now.} Qxd3 23. Qe7+ Kg8 {[%emt 0:00:05] aiming for ...h5.} 24. Qe6+ Kf8 {[%emt 0:00:06] And now ...h5 would win.} 25. Qe7+ Kg8 {[%emt 0:00:02] Hoping for ...h5.} 26. Qd8+ Kf7 27. Qxh8 Qd2 28. Rcd1 Qxa2 29. Qb8 Qc2 30. Qxb7+ ({Don't take} 30. Qd6 Kg6 31. Rxd5 h6 $18) 30... Rc7 31. Qb5 Qc4 32. Qa5 Rb7 33. Rc1 Qf4 34. g3 Qd2 (34... Qd6 {was called for.} 35. b5 Qb6 36. Qxb6 Rxb6 37. Rc7+ Kg6) 35. Red1 Qxb4 36. Qxb4 Rxb4 {[%emt 0:00:03] KRR-KRN} 37. Rc7+ Ke6 38. Rxg7 {[%emt 0:00:44] White is clearly winning.} Ra4 39. Re1+ Kf5 40. f4 Ne4 {[%emt 0:00:14] Prevents Rg5+.} 41. Rxh7 {[%emt 0:30:36] Weighted Error Value: White=0.45/Black=0.61} 1-0

[Event "Italian-ch Teams-B 2022"]
[Site "Montesilvano"]
[Date "2022.04.22"]
[Round "6.1"]
[White "Dervishi, Erald"]
[Black "Moroni, Luca Jr"]
[Result "1-0"]
[ECO "C78"]
[WhiteElo "2511"]
[BlackElo "2588"]
[Annotator "TA"]
[PlyCount "119"]
[EventDate "2022.04.19"]
[EventType "team-tourn"]
[EventCountry "ITA"]
[SourceTitle "playchess.com"]
[Source "ChessBase"]
[SourceQuality "1"]
[TimeControl "40/5400+30:1800+30"]

1. e4 e5 2. Nf3 Nc6 3. Bb5 a6 4. Ba4 Nf6 5. O-O b5 6. Bb3 Bc5 7. c3 d6 8. d4 Bb6 9. Re1 O-O 10. h3 h6 11. Be3 Re8 {[%emt 0:00:06] 11...Re8 is better than 11...Bb7.} 12. Nbd2 Bb7 13. Qb1 {[%emt 0:00:42] C78: Ruy Lopez: Archangelsk and Möller Defences.} Rb8 14. a3 {[%emt 0:02:50] [#]} exd4 $146 ({Predecessor:} 14... Nh7 15. Qd3 Qf6 16. Bc2 Nf8 17. b4 Ng6 18. Nf1 Nf4 19. Qd1 Ne7 20. Kh2 Neg6 {0-1 (55) Rodriguez Guerrero,E (2450)-Beliavsky,A (2649) Linares 2003}) 15. cxd4 {[%emt 0:03:29] The position is equal.} Na5 16. Bc2 c5 17. b4 (17. d5 $5 ) 17... cxd4 $1 18. Nxd4 Nc6 19. Nf5 Bxe3 20. Rxe3 Ne7 21. Nxe7+ Rxe7 22. Qb2 Rc8 23. Rd1 Rec7 24. Bb3 Qe7 25. e5 dxe5 26. Rxe5 Qf8 27. Nf1 Rd8 28. Rxd8 Qxd8 29. Ne3 Qc8 30. Qd4 Rc1+ 31. Kh2 {[%emt 0:00:31] Hoping for Re7.} Qc7 {[%emt 0:02:35] Inhibits Re7.} 32. f4 Qc3 (32... Rc3 $11 33. Re7 Qxe7 34. Qxc3 Ne4) 33. Qd8+ $14 Kh7 34. Bxf7 {[%emt 0:00:21][%cal Oe5e8] The board is on fire.} Qe1 {[%emt 0:19:26] And now ...Qg1+ would win.} 35. Qd3+ Kh8 36. Nd5 $1 $40 {[%emt 0:00:54][%mdl 128] White has some attack.} Qg1+ 37. Kg3 {[%emt 0:00:12] Threatens to win with Nxf6.} Rc8 $2 (37... Re1 $14 38. Qf5 (38. Nxf6 Qxg2+ 39. Kh4 Qf2+ 40. Kg4 Qg2+ 41. Kh4 Qf2+ 42. Kh5 Rxe5+ 43. fxe5 Bf3+ 44. Ng4 Bxg4+ 45. Kxg4 Qxf7 $11) 38... Bxd5 39. Bxd5 Rxe5 40. Qxe5 Nxd5 41. Qxd5 Qe1+ 42. Kg4 Qe2+ 43. Kf5 Qe8) 38. Qe3 $2 {[%emt 0:10:25] Active counter play!} (38. Nxf6 $1 $18 {[%csl Gf6][%cal Rd3h7] and the rest is easy.} Qxg2+ 39. Kh4 Qf2+ 40. Kh5 gxf6 41. Qf5 $1 Bf3+ 42. Kxh6 (42. Kg6 Qg3+ 43. Kxf6 Qg7+ 44. Ke6 Rb8 $11) 42... Qh4+ 43. Bh5 Qxh5+ 44. Qxh5 Bxh5 45. Rxh5) 38... Qxe3+ $16 39. Nxe3 Rc3 40. Kh2 Kh7 (40... Rxa3 $14 41. Ng4 Bc8 42. Nxf6 gxf6) 41. f5 (41. Re7 $18) 41... h5 $1 $14 42. Kg3 Rxa3 43. Kf4 {[%emt 0:00:00] Black must now prevent Re7.} Bc6 $2 (43... Rd3 $1 $14) 44. Re6 $18 Bd7 {[%emt 0:00:00] [#]} 45. Rd6 (45. Re7 $1 $18 {aiming for Nd5.} Rd3 46. g4) 45... Ra4 $2 (45... Be8 $16 46. Rxf6 gxf6 47. Bxe8 h4) 46. Nd5 Nxd5+ 47. Rxd5 Rxb4+ 48. Kg5 Bxf5 49. Rxf5 {[%emt 0:00:00][%mdl 4096] Endgame Threatening mate with Bg6+. KRB-KR} Rb2 50. g3 Rg2 51. Bg6+ (51. Rd5 $142 Rf2 52. Bg6+ Kg8 53. Rd6 a5 54. Rd5 Rf8 55. Rxb5 Ra8 56. Bxh5) 51... Kg8 52. Kh4 {[%emt 0:00:00] Bf7+ would kill now.} Rd2 53. Kxh5 {[%emt 0:00:00] White wants to mate with Re5.} b4 54. h4 (54. Re5 $142 Rd8 55. Kg5 Rb8 56. Ra5 b3 57. Rxa6 Kf8 58. Bb1 b2 59. Kf4) 54... b3 55. Bf7+ Kh7 56. Re5 g6+ 57. Bxg6+ Kg7 58. g4 b2 59. g5 {[%emt 0:01:22] White threatens Re7+ and mate.} Rd7 {[%emt 0:00:27] Against Re7+} 60. Re6 {[%emt 0:01:00] Weighted Error Value: White=0.37/Black=0.56} 1-0

[Event "Italian-ch Teams-B 2022"]
[Site "Montesilvano"]
[Date "2022.04.22"]
[Round "6.1"]
[White "Rombaldoni, Denis"]
[Black "Fier, Alexandr"]
[Result "1/2-1/2"]
[ECO "A38"]
[WhiteElo "2485"]
[BlackElo "2583"]
[Annotator "TA"]
[PlyCount "70"]
[EventDate "2022.04.19"]
[EventType "team-tourn"]
[EventCountry "ITA"]
[SourceTitle "playchess.com"]
[Source "ChessBase"]
[SourceQuality "1"]
[TimeControl "40/5400+30:1800+30"]

1. Nf3 Nf6 2. g3 g6 3. b3 Bg7 4. Bb2 c5 5. c4 d6 6. Bg2 e5 7. Nc3 Nc6 8. d3 O-O 9. O-O Nh5 10. a3 {[%emt 0:08:04] [#] A38: Symmetrical English vs ...g6: 4 Bg2 Bg7 5 Nf3 Nf6.} a5 $146 ({Predecessor:} 10... f5 11. b4 Kh8 12. Nd5 Be6 13. bxc5 dxc5 14. Qd2 Bg8 15. Bc3 Qd6 16. Qb2 b6 17. a4 Rab8 18. e3 Rfe8 {1-0 (94) Erigaisi,A (2660)-Puranik,A (2618) chess24.com INT 2022}) 11. Ne1 f5 12. e3 Be6 13. Nd5 Nf6 (13... Rb8 {with more complications.} 14. b4 f4 15. Nc2 Qd7) 14. Nc2 Bf7 15. b4 axb4 16. Nxf6+ Bxf6 17. axb4 cxb4 18. Qd2 Qb6 19. Bxc6 bxc6 20. Qxb4 Rab8 21. Bc3 Qc7 22. Qa5 Qxa5 23. Rxa5 Rb3 $36 {[%emt 0:00:06][%mdl 2048] Black has good play.} 24. Ra3 Rfb8 25. Rfa1 c5 (25... Kg7 $17 26. Kg2 g5) 26. Kf1 Kg7 $1 27. Rxb3 Rxb3 28. Ra3 {[%emt 0:00:07] [#]} Rb1+ 29. Ke2 {[%emt 0:00:13] [#]} Rh1 (29... e4 $1 $17 30. Bxf6+ Kxf6) 30. Ra7 $15 Rxh2 (30... e4 $1 $15 31. Bxf6+ Kxf6) 31. Na3 $1 $11 {[%emt 0:01:57] The position is equal.} e4 32. d4 Kg8 33. Ra8+ Kg7 {[%emt 0:00:29] And now ...g5 would win.} 34. Ra7 {[%emt 0:00:07] Black must now prevent Nb5.} Kf8 35. Ra8+ $1 Kg7 {[%emt 0:00:09] Weighted Error Value: White=0.09 (flawless) /Black=0.14 (very precise)} 1/2-1/2

[Event "Italian-ch Teams-B 2022"]
[Site "Montesilvano"]
[Date "2022.04.22"]
[Round "6.1"]
[White "Lazic, Miroljub"]
[Black "Dardha, Daniel"]
[Result "0-1"]
[ECO "A07"]
[WhiteElo "2322"]
[BlackElo "2552"]
[Annotator "TA"]
[PlyCount "54"]
[EventDate "2022.04.19"]
[EventType "team-tourn"]
[EventCountry "ITA"]
[SourceTitle "playchess.com"]
[Source "ChessBase"]
[SourceQuality "1"]
[TimeControl "40/5400+30:1800+30"]

1. Nf3 d5 2. g3 g6 3. Bg2 Bg7 4. O-O e5 5. d3 Nc6 6. c3 Nge7 7. e4 O-O 8. Nbd2 {[%emt 0:04:43] 8.b4 is more fashionable.} a5 9. Re1 {[%emt 0:03:29] A07: Réti Opening: New York and Capablanca Systems.} a4 $5 {[%emt 0:02:01][%mdl 4] A promising side line.} 10. Rb1 {[%emt 0:00:37] [#]} d4 $146 ({Predecessor:} 10... h6 11. b4 axb3 12. axb3 d4 13. Qc2 dxc3 14. Qxc3 b5 15. Bb2 Be6 16. Qc5 Qxd3 {0-1 (72) Teterev,V (2507)-Stupak,K (2412) Minsk 2008}) 11. Qc2 {[%emt 0:07:55] The position is equal.} Be6 12. b3 (12. a3 $11 {was preferrable.}) 12... dxc3 $15 13. Qxc3 axb3 14. axb3 Nd4 15. Nxd4 exd4 16. Qc2 Nc6 {[%emt 0:00:50] Threatens to win with ...Nb4.} 17. b4 Ra2 18. Qd1 {[%emt 0:00:18] [#]} Ne5 {[%emt 0:04:47] &Nero is more active.} (18... Qe7 $1 $17 19. b5 Nb4) 19. Nf3 Nxf3+ 20. Bxf3 Qd7 21. b5 Rfa8 $36 {[%emt 0:02:40][%cal Bf8a8,Ba8a5,Ba5a1][%mdl 2080] Black has some pressure.} 22. Re2 R8a5 23. Rxa2 Bxa2 {[%emt 0:00:33] [#]} 24. Rb2 (24. Qd2 $1 $11 {remains equal.} Ra4 (24... Bxb1 25. Qxa5) 25. Bd1 Bxb1 26. Bxa4) 24... Be6 $17 25. b6 cxb6 {[%emt 0:05:20] ...Ra1 is the strong threat.} 26. Rxb6 $2 (26. Bf4 $17 {is tougher.}) 26... Ra1 $19 27. Qc2 {[%emt 0:01:12] Against Qc7} Qc8 {[%emt 0:00:58] Weighted Error Value: White=0.58/Black=0.08 (flawless)} 0-1

[Event "Italian-ch Teams-B 2022"]
[Site "Montesilvano"]
[Date "2022.04.22"]
[Round "6.2"]
[White "Quinn, Mark"]
[Black "Ortega, Lexy"]
[Result "1/2-1/2"]
[ECO "A36"]
[WhiteElo "2365"]
[BlackElo "2429"]
[Annotator "TA"]
[PlyCount "34"]
[EventDate "2022.04.19"]
[EventType "team-tourn"]
[EventCountry "ITA"]
[SourceTitle "playchess.com"]
[Source "ChessBase"]
[SourceQuality "1"]
[TimeControl "40/5400+30:1800+30"]

1. c4 c5 2. Nc3 Nc6 3. g3 g6 4. Bg2 Bg7 5. e3 e5 6. Nge2 Nge7 7. O-O O-O 8. a3 d6 9. Rb1 Be6 10. Nd5 {[%emt 0:00:27] A36: Symmetrical English vs ...g6: 4 Bg2 Bg7.} Na5 {[%emt 0:28:51] [#]} 11. Nxe7+ $146 ({Predecessor:} 11. d3 Bxd5 12. cxd5 b5 13. b4 cxb4 14. axb4 Nb7 15. Bb2 a5 16. bxa5 b4 17. d4 f6 {1-0 (29) Malyuga,V (2235)-Monisov,A Belorechensk 2007}) 11... Qxe7 12. d3 {[%emt 0:17:18] White has an edge.} e4 (12... Qd7 $14) 13. Bxe4 $18 Bh3 {[%emt 0:15:07] [#]} 14. Bg2 ({Only move:} 14. Re1 $1 $18) 14... Bxg2 $11 15. Kxg2 Nxc4 16. Nf4 Nb6 {[%emt 0:08:08] Against Nd5} 17. Qf3 Qd7 {[%emt 0:00:02] Weighted Error Value: White=0.20 (precise) /Black=0.38} 1/2-1/2

[Event "Italian-ch Teams-B 2022"]
[Site "Montesilvano"]
[Date "2022.04.22"]
[Round "6.2"]
[White "Formento, Paolo"]
[Black "Boraso, Alessio"]
[Result "1/2-1/2"]
[ECO "E05"]
[WhiteElo "2336"]
[BlackElo "2286"]
[Annotator "TA"]
[PlyCount "94"]
[EventDate "2022.04.19"]
[EventType "team-tourn"]
[EventCountry "ITA"]
[SourceTitle "playchess.com"]
[Source "ChessBase"]
[SourceQuality "1"]
[TimeControl "40/5400+30:1800+30"]

1. d4 Nf6 2. c4 e6 3. Nf3 d5 4. g3 Be7 5. Bg2 O-O 6. O-O dxc4 7. Ne5 Nc6 8. Bxc6 bxc6 9. Nxc6 Qe8 10. Nxe7+ Qxe7 11. Qa4 e5 12. dxe5 Qxe5 13. Qxc4 Be6 {[%emt 0:00:53] E05: Open Catalan: 5 Nf3 Be7.} 14. Qd3 Rad8 15. Qe3 Qh5 16. f3 {[%emt 0:00:43] Prevents Ng4.} Bc4 $1 {[%emt 0:01:02] [#] And now ...Rfe8 would win.} 17. Nc3 Rfe8 18. Qg5 {[%emt 0:17:08] Black must now prevent Qxh5.} Qh3 $132 {[%emt 0:01:58][%mdl 2048] Black is not holding back} 19. Qh4 Qxh4 20. gxh4 {[%emt 0:23:32] [#]} Nd5 $146 ({Predecessor:} 20... Bxe2 21. Rf2 Ba6 22. Bg5 Re6 23. Rd2 Rxd2 24. Bxd2 Nd7 25. Re1 Ne5 26. Re3 Rg6+ {0-1 (94) Janz,F (2327)-Bracker,F (2361) Germany 2014}) 21. Nxd5 Rxd5 22. Re1 Rxe2 23. Rxe2 Bxe2 $11 {[%emt 0:00:08][%mdl 4096] Endgame KRB-KRB} 24. Kf2 Bb5 25. Be3 a6 26. Rc1 Rd7 27. b3 Kf8 28. a4 Bd3 29. Bf4 Bf5 30. Rc6 ({Don't play} 30. Rxc7 Rxc7 31. Bxc7 Bc2 $11) 30... Ke8 31. Rxa6 Be6 32. Ra8+ Rd8 33. Ra7 c5 34. Be3 Rb8 35. Bxc5 {[%emt 0:00:18] b4 is the strong threat.} Rxb3 36. a5 Bd5 37. Be3 Ra3 38. h5 h6 39. Ra6 Kd7 40. h4 Bc6 (40... Ra2+ $11 41. Kg3 Ra3 42. Ra7+ Kc6) 41. Ra7+ $14 Ke6 {[%emt 0:16:53] [#]} 42. Re7+ $1 Kxe7 (42... Kf6 43. Bd4+) 43. Bc5+ Kd7 44. Bxa3 {[%emt 0:00:04] Threatens to win with Bf8.} g6 45. hxg6 fxg6 46. h5 (46. Bc1 $16) 46... gxh5 $11 47. f4 Kc8 {[%emt 0:00:31] Weighted Error Value: White=0.08 (flawless) /Black=0.08 (flawless)} (47... Bb5 $11) 1/2-1/2

[Event "Italian-ch Teams-B 2022"]
[Site "Montesilvano"]
[Date "2022.04.22"]
[Round "6.2"]
[White "Podetti, Davide"]
[Black "Bellini, Fabio"]
[Result "1/2-1/2"]
[ECO "C41"]
[WhiteElo "2223"]
[BlackElo "2428"]
[Annotator "TA"]
[PlyCount "70"]
[EventDate "2022.04.19"]
[EventType "team-tourn"]
[EventCountry "ITA"]
[SourceTitle "playchess.com"]
[Source "ChessBase"]
[SourceQuality "1"]
[TimeControl "40/5400+30:1800+30"]

1. e4 d6 2. d4 Nf6 3. Nc3 e5 4. Nf3 Nbd7 5. Bc4 Be7 6. O-O {[%emt 0:00:41][%cal Oc4f7] [#] And now Bxf7+! would win.} Nb6 {[%emt 0:01:26] C41: Philidor Defence.} 7. Be2 exd4 8. Nxd4 {[%emt 0:00:26] 8.Qxd4 is vanishing.} O-O {[%emt 0:01:01] White has an edge.} 9. a4 c5 10. Ndb5 a6 11. Na3 {[%emt 0:00:54] [#]} d5 $146 ({Predecessor:} 11... Bd7 12. a5 Na4 13. Nxa4 Bxa4 14. Nc4 Bc6 15. Nb6 Rb8 16. f3 d5 17. Bf4 dxe4 18. Bxb8 Qxb8 {1-0 (45) Cuijpers,F (2420)-Zagema,W (2360) Netherlands 1998}) 12. e5 $1 Ne4 13. Nxe4 dxe4 14. a5 {[%emt 0:08:24] [#] Qxd8 is the strong threat.} Nd5 15. Nc4 Be6 16. Bg4 (16. c3 $5 ) 16... Qd7 (16... Nc3 {is interesting.} 17. Qxd8 Raxd8 18. Bxe6 Ne2+) 17. Bxe6 Qxe6 18. Qe2 f5 $1 19. exf6 Rxf6 20. Be3 Raf8 21. Rad1 Rg6 22. Kh1 Bg5 23. Qd2 Nxe3 {[%emt 0:05:38] The position is equal.} 24. Nxe3 h6 25. Qd5 (25. Kg1 {with more complications.} Kh7 26. Qd5 b6 27. axb6 Bxe3 28. Qxe6 Rxe6 29. fxe3 Rxf1+ 30. Kxf1 Rxb6 31. b3) 25... Bxe3 26. Qxe6+ Rxe6 27. fxe3 Rxf1+ 28. Rxf1 $11 {[%emt 0:00:01][%mdl 4096] Endgame KR-KR} Rd6 29. Kg1 c4 30. Rf4 Rd1+ 31. Kf2 Rd2+ 32. Kg3 Rxc2 33. Rxe4 Rxb2 34. Rxc4 Rb5 35. Rc7 Rxa5 {[%emt 0:00:30] Weighted Error Value: White=0.08 (flawless) /Black=0.06 (flawless)} 1/2-1/2

[Event "Italian-ch Teams-B 2022"]
[Site "Montesilvano"]
[Date "2022.04.22"]
[Round "6.3"]
[White "Bellia, Fabrizio"]
[Black "Navarro, Stefano"]
[Result "1/2-1/2"]
[ECO "C41"]
[WhiteElo "2428"]
[BlackElo "2247"]
[Annotator "TA"]
[PlyCount "86"]
[EventDate "2022.04.19"]
[EventType "team-tourn"]
[EventCountry "ITA"]
[SourceTitle "playchess.com"]
[Source "ChessBase"]
[SourceQuality "1"]
[TimeControl "40/5400+30:1800+30"]

1. e4 e5 2. Nf3 d6 3. d4 Nd7 4. Nc3 c6 5. a4 Be7 6. Bc4 Ngf6 7. O-O O-O 8. Re1 Qc7 {[%emt 0:01:42] Recently 8...h6 got a lot of attention.} 9. h3 Rb8 {[%emt 0:26:43] C41: Philidor Defence.} 10. a5 {[%emt 0:22:05] White is much more active. The black rooks are badly placed.} (10. Qe2) ({Better is} 10. Bg5 $14) 10... b5 11. axb6 axb6 {[%emt 0:00:04][%cal Ba7b6,Bb6b5][%mdl 32] The position is equal.} 12. Nh4 {[%emt 0:00:19] [#]} Re8 $146 ({Predecessor:} 12... exd4 13. Qxd4 Ne5 14. Be2 Re8 15. Nf5 Bxf5 16. exf5 d5 17. Bf4 Bd6 18. Bg5 Ned7 {½-½ (50) Krauss,J (2104)-Ziegler,M (2127) Gerolzhofen 2011}) 13. Nf5 Bf8 14. d5 b5 {[%emt 0:10:57] [#]} 15. dxc6 $1 Qxc6 (15... bxc4 16. cxd7) 16. Bd5 Nxd5 17. Nxd5 {[%emt 0:02:36] Strongly threatening Ra3.} Nb6 18. Nfe3 (18. Nb4 {seems wilder.} Qc5 19. Na6 Bxa6 20. Rxa6 d5 21. Qg4) 18... Nxd5 19. Nxd5 Be6 20. Nb4 Qc4 21. c3 f5 22. exf5 Bxf5 23. Qf3 Bg6 24. Be3 e4 (24... Be4 $11 {keeps the balance.} 25. Qg4 Ra8) 25. Qd1 Bf7 26. Bd4 d5 27. Qg4 Rb7 28. Nc2 Qc6 29. Ne3 Be6 30. Qg5 Rf7 31. Ng4 (31. Ra5 $14) 31... Bxg4 $11 32. Qxg4 Bc5 33. Rad1 Ref8 34. Re2 Bxd4 35. Rxd4 Rf5 36. Qg3 Qf6 37. Rb4 Rg5 38. Qh2 (38. Qe3 $11) 38... Qf3 $1 $19 39. Kf1 Qd3 {[%emt 0:00:20] [#] ( -> ...Qd1+)} 40. Qd6 Qd1+ (40... Ra8 $19 41. Ra4 bxa4) 41. Re1 $15 Qd3+ $2 (41... Qc2 $15 42. Qc5 Rgf5) 42. Re2 $19 Qd1+ ({Black should play} 42... Ra8 $19 43. Ra4 bxa4) 43. Re1 $15 {[%emt 0:00:00] Really sharp!} Qd3+ {[%emt 0:00:50] Weighted Error Value: White=0.47/Black=0.59} (43... Qc2 $15 44. Qc5 Rgf5) 1/2-1/2